 Dungeon Crawl Stone Soup version 0.20.1-1-g8b1a95d (webtiles) character file.

190 vatarom the Conjurer (level 5, -7/38 HPs)
             Began as a Draconian Wizard on Sept 10, 2017.
             Mangled by Schiappus's ghost (11 damage)
             ... on level 4 of the Dungeon.
             The game lasted 00:09:18 (2800 turns).

vatarom the Conjurer (Draconian Wizard)             Turns: 2800, Time: 00:09:19

Health: -7/38      AC:  6    Str:  9    XL:     5   Next: 41%
Magic:  2/10       EV: 12    Int: 19    God:
Gold:   150        SH:  0    Dex: 10    Spells: 1/11 levels left

rFire    . . .     SeeInvis .   e - +2 hand axe (elec)
rCold    . . .     Gourm    .   (no shield)
rNeg     . . .     Faith    .   (armour unavailable)
rPois    .         Spirit   .   a - +0 hat
rElec    .         Reflect  .   (no cloak)
rCorr    .         Harm     .   l - +0 pair of gloves
MR       .....                  (no boots)
Stlth    ++........             (no amulet)
Regen    0.2/turn               (no ring)
MPRegen  0.2/turn               (no ring)

@: very slightly contaminated, hasted, invisible, very quick
A: unfitting armour, cold-blooded, AC +5
a: no special abilities


You were on level 4 of the Dungeon.
You were hungry.

You visited 1 branch of the dungeon, and saw 4 of its levels.

You collected 150 gold pieces.

Inventory:

Hand Weapons
 e - a +2 hand axe of electrocution (weapon)
Armour
 a - a +0 hat (worn)
 l - a +0 pair of gloves (worn)
Scrolls
 d - a scroll of teleportation
 j - a scroll of enchant weapon
 n - a scroll of remove curse
 p - 2 scrolls of blinking
 u - a scroll of recharging
Potions
 f - a potion of brilliance
 h - a potion of flight {unknown}
 i - a potion of haste
 m - a potion of cancellation {unknown}
 s - a potion of mutation {unknown}
 t - a potion of ambrosia {unknown}
Books
 b - a book of Minor Magic

   Spells                             Type                      Level
   a - Magic Dart                     Conjuration                  1
   b - Blink                          Translocation                2
   c - Call Imp                       Summoning                    2
   d - Slow                           Hexes                        2
   e - Conjure Flame                  Conjuration/Fire             3
   f - Mephitic Cloud                 Conjuration/Poison/Air       3
Comestibles
 c - a bread ration
 g - 3 royal jellies
 q - 2 meat rations


   Skills:
 - Level 1.7 Dodging
 - Level 1.7 Stealth
 - Level 3.5 Spellcasting
 + Level 5.0 Conjurations
 - Level 1.0 Summonings
 - Level 1.0 Translocations


You had one spell level left.
You knew the following spells:

 Your Spells              Type           Power        Failure   Level  Hunger
a - Magic Dart            Conj           ###.         1%          1    None
b - Call Imp              Summ           #.......     14%         2    ##.....
c - Slow                  Hex            #.......     22%         2    ##.....
d - Blink                 Tloc           N/A          14%         2    ##.....
e - Mephitic Cloud        Conj/Pois/Air  #.......     22%         3    ###....


Dungeon Overview and Level Annotations

Branches:
Dungeon (4/15)
 Temple: D:4-7

Altars:

Annotations:
D:4 Schiappus's ghost, amateur DsBe


Innate Abilities, Weirdness & Mutations

Your plain brown scales are hard. (AC +5)
You cannot fit into any form of body armour.
You are cold-blooded and may be slowed by cold attacks.


Message History

Schiappus's ghost closely misses you.
You closely miss Schiappus's ghost.
Schiappus's ghost is almost destroyed.
Schiappus's ghost hits you!
* * * LOW HITPOINT WARNING * * *
It was a potion of haste.
You feel yourself speed up. Schiappus's ghost closely misses you.
Unknown command.
Found a royal jelly.
An orc comes into view. It is wielding a whip.
Found a royal jelly.
An orc comes into view. It is wielding a club.
You closely miss the orc. The orc closely misses you.
Unknown command.
You closely miss the orc. The orc hits you but does no damage.
You catch the helpless orc completely off-guard!
You hit the orc.
The orc is lightly wounded.
You barely miss Schiappus's ghost. Schiappus's ghost hits you!
You die...

#.# # .###########.# .#
.............#####.####
.................?....%
.................#.##
.....#.....#####.# .[..
#.....# #.# ... #.5...#
#W# .. ####### #@# .
#o# #.# #.. #%. #...
.##. . o.


You could see Schiappus's ghost and 2 orcs.

Vanquished Creatures
  An orc priest (D:2)
  3 adders
  An ooze (D:2)
  3 worms
  A dart slug (D:3)
  2 leopard geckos
  2 orcs
  4 ball pythons
  12 bats
  3 giant cockroaches
  3 goblins (D:2)
  7 hobgoblins
  A quokka (D:3)
  5 frilled lizards
  4 kobolds
  4 rats
56 creatures vanquished.

Vanquished Creatures (collateral kills)
  A sky beast (D:3)
  2 orcs (D:2)
  A hobgoblin (D:3)
4 creatures vanquished.

Grand Total: 60 creatures vanquished

Notes
Turn   | Place    | Note
-------+----------+-------------------------------------------
     0 | D:1      | vatarom the Draconian Wizard began the quest for the Orb.
     0 | D:1      | Reached XP level 1. HP: 14/14 MP: 4/4
   151 | D:1      | Reached skill level 2 in Conjurations
   199 | D:1      | Reached XP level 2. HP: 15/20 MP: 3/6
   251 | D:1      | Learned a level 2 spell: Call Imp
   324 | D:1      | Learned a level 2 spell: Slow
   590 | D:2      | Learned a level 2 spell: Blink
   921 | D:2      | Reached skill level 3 in Conjurations
   921 | D:2      | Reached XP level 3. HP: 26/26 MP: 3/7
  1473 | D:2      | Reached XP level 4. HP: 23/33 MP: 9/9
  1607 | D:3      | Learned a level 3 spell: Mephitic Cloud
  1955 | D:3      | Noticed a sky beast
  2015 | D:3      | Killed a sky beast
  2015 | D:3      | Reached skill level 4 in Conjurations
  2015 | D:3      | Reached XP level 5. HP: 27/38 MP: 2/10
  2734 | D:4      | Reached skill level 5 in Conjurations
  2758 | D:4      | Noticed Schiappus's ghost (amateur DsBe)
  2800 | D:4      | Mangled by Schiappus's ghost

Skill      XL: |  1  2  3  4  5 |
---------------+----------------+-----
Conjurations   | 2 3 4 5 |  5.0
Dodging        | |  1.7
Stealth        | |  1.7
Spellcasting   | |  3.5
Summonings     | |  1.0
Translocations | |  1.0

Action                   |  1- 3 |  4- 6 || total
-------------------------+-------+-------++-------
Melee: Dagger            |    50 |     3 ||    53
       Unarmed           |     3 |       ||     3
       Short sword       |    31 |       ||    31
       Tailslap          |     1 |     1 ||     2
       Hand axe          |       |    33 ||    33
 Cast: Magic Dart        |    42 |    30 ||    72
       Call Imp          |     5 |    10 ||    15
       Slow              |     2 |       ||     2
       Mephitic Cloud    |       |     1 ||     1
  Use: Scroll            |     5 |     5 ||    10
       Potion            |     2 |     5 ||     7
 Stab: Invisible         |       |     1 ||     1
       Sleeping          |       |     1 ||     1
  Eat: Chunk             |     2 |     2 ||     4
       Royal jelly       |       |     1 ||     1
Armor: Skin              |    37 |    13 ||    50
Dodge: Dodged            |    82 |    37 ||   119
